 Dungeon Crawl Stone Soup version 0.26.0-15-gc6cd9f7 (webtiles) character file.

Game seed: 332488008798325830

7 Otlao the Grave Robber (level 1, -2/13 HPs)
             Began as a Demonspawn Wanderer on Jan 24, 2021.
             Slain by a hobgoblin (5 damage)
             ... on level 1 of the Dungeon.
             The game lasted 00:06:36 (1000 turns).

Otlao the Grave Robber (Demonspawn Wanderer)        Turns: 1000, Time: 00:06:37

Health: -2/13      AC:  2    Str: 12    XL:     1   Next: 91%
Magic:  0/2        EV: 11    Int: 14    God:
Gold:   0          SH:  0    Dex: 11    Spells: 0/2 levels left

rFire    . . .     SeeInvis .   a - +0 club
rCold    . . .     Faith    .   (no shield)
rNeg     . . .     Spirit   .   d - +0 robe
rPois    .         Reflect  .   (no helmet)
rElec    .         Harm     .   (no cloak)
rCorr    .         Rampage  .   (no gloves)
Will     .....                  (no boots)
Stlth    +.........             (no amulet)
HPRegen  0.04/turn              (no ring)
MPRegen  0.08/turn              (no ring)

@: very slightly contaminated
A: no striking features
a: no special abilities


You were on level 1 of the Dungeon.
You visited 1 branch of the dungeon, and saw 1 of its levels.

Inventory:

Hand Weapons
 a - a +0 club (weapon)
Armour
 b - a +0 kite shield
 d - a +0 robe (worn)
Scrolls
 c - a scroll of noise {unknown}
 e - a scroll of identify {unknown}


   Skills:
 + Level 1.2 Spellcasting
 * Level 1.0 Conjurations
 - Level 3.2 Necromancy
 + Level 2.8 Fire Magic
 - Level 1.0 Earth Magic
 - Level 2.0 Evocations


You couldn't memorise any spells.
You knew the following spells:

 Your Spells              Type           Power        Failure   Level
a - Magic Dart            Conj           12%          17%         1
b - Summon Small Mammal   Summ           0%           26%         1

Your spell library contained the following spells:

 Spells                   Type           Power        Failure   Level
 Foxfire                  Conj/Fire      24%          12%         1
 Conjure Flame            Conj/Fire      6%           34%         3
 Blink                    Tloc           N/A          36%         2
 Call Imp                 Summ           0%           36%         2
 Slow                     Hex            0%           36%         2
 Ignite Poison            Fire/Tmut/Pois 3%           45%         3
 Mephitic Cloud           Conj/Pois/Air  1%           56%         3
 Call Canine Familiar     Summ           0%           61%         3


Dungeon Overview and Level Annotations

Branches:
Dungeon (1/15)

Altars:


Message History

You are too injured to fight recklessly!
Unknown command.
Casting: Magic Dart (safe; 17% risk of failure)
Confirm with . or Enter, or press ? or * to list all spells.
Aiming: Magic Dart (safe; 17% risk of failure)
Press: ? - help, Shift-Dir - straight line, f/p - hobgoblin
Aim: a hobgoblin (severely wounded, 0% to evade)
The magic dart hits the hobgoblin.
The hobgoblin is almost dead.
The hobgoblin barely misses you.
Unknown command.
Casting: Magic Dart (safe; 17% risk of failure)
Confirm with . or Enter, or press ? or * to list all spells.
Aiming: Magic Dart (safe; 17% risk of failure)
Press: ? - help, Shift-Dir - straight line, f/p - hobgoblin
Aim: a hobgoblin (almost dead, 0% to evade)
You miscast Magic Dart.
You are very lightly contaminated with residual magic.
Nothing appears to happen.
The hobgoblin hits you.
You die...

#.###...# #..# #.# ###
#..###### #.# #........
#.# ##.###### #.# #.....#
#.# #####.# #.# #.#
#.#####################.#
#.......g@..............#
#.#######################
###


You could see a hobgoblin.

Vanquished Creatures
  A giant cockroach (D:1)
  A goblin (D:1)
  A hobgoblin (D:1)
  A kobold (D:1)
  A ball python (D:1)
  2 rats (D:1)
7 creatures vanquished.

Notes
Turn   | Place    | Note
-------+----------+-------------------------------------------
     0 | D:1      | Otlao the Demonspawn Wanderer began the quest for the Orb.
     0 | D:1      | Otlao set off with the following items: a +0 club, a +0
                  | robe; and the following spells available to memorise:
                  | Foxfire, Magic Dart, Summon Small Mammal, Blink, Call Imp,
                  | Slow, Conjure Flame, Ignite Poison, Call Canine Familiar,
                  | Mephitic Cloud
     0 | D:1      | Reached XP level 1. HP: 13/13 MP: 2/2
     2 | D:1      | Learned a level 1 spell: Magic Dart
     4 | D:1      | Learned a level 1 spell: Summon Small Mammal
   954 | D:1      | Reached skill level 1 in Conjurations
  1000 | D:1      | Slain by a hobgoblin

Illustrated notes

Levels and vault maps discovered:
D:1:      nzn_arrival_settlement, layout_basic

Skill      XL: |  1 |
---------------+----+-----
Conjurations   | 1 |  1.0
Spellcasting   | |  1.2
Necromancy     | |  3.2
Fire Magic     | |  2.8
Earth Magic    | |  1.0
Evocations     | |  2.0

Action                   || total
-------------------------++-------
Melee: Club              ||    23
 Cast: Magic Dart        ||    14
Armor: Robe              ||     9
Dodge: Dodged            ||    19
